 Dungeon Crawl Stone Soup version 0.21-a0-200-gb89f83b (webtiles) character file.

661 Ijustatesigmund the Twirler (level 7, -11/56 HPs)
             Began as a Formicid Fighter on Aug 16, 2017.
             Mangled by an orc warrior
             ... wielding a +0 battleaxe
              (26 damage)
             ... on level 7 of the Dungeon.
             The game lasted 00:10:31 (3808 turns).

Ijustatesigmund the Twirler (Formicid Fighter)      Turns: 3808, Time: 00:10:31

Health: -11/56     AC:  8    Str: 21    XL:     7   Next: 86%
Magic:  7/7        EV:  8    Int:  7    God:
Gold:   183        SH: 11    Dex: 12    Spells: 6/6 levels left

rFire    . . .     SeeInvis +   a - +0 quarterstaff
rCold    . . .     Gourm    .   c - +1 shield
rNeg     . . .     Faith    .   b - +0 scale mail
rPois    .         Spirit   .   (helmet unavailable)
rElec    .         Reflect  .   (no cloak)
rCorr    .         Harm     .   (no gloves)
MR       .....     Clarity  +   m - +0 pair of boots
Stlth    ..........             (no amulet)
HPRegen  0.18/turn              n - ring of flight
MPRegen  0.10/turn              o - ring of wizardry

@: no status effects
A: permanent stasis, dig shafts and tunnels, four strong arms, antennae 3,
clarity, evolution 1
a: Dig, Shaft Self, Evoke Flight


You were on level 7 of the Dungeon.
You were not hungry.

You visited 2 branches of the dungeon, and saw 8 of its levels.

You collected 183 gold pieces.

Inventory:

Hand Weapons
 a - a +0 quarterstaff (weapon)
Armour
 b - a +0 scale mail (worn)
 c - a +1 shield (worn)
 m - a +0 pair of boots (worn)
Jewellery
 n - a ring of flight (left hand)
 o - a ring of wizardry (right hand)
Wands
 d - a wand of iceblast (7/15)
 k - a wand of random effects (33/48)
Scrolls
 e - 3 scrolls of remove curse
 h - 3 scrolls of identify
Potions
 g - a potion of ambrosia {unknown}
 l - a potion of resistance
Comestibles
 f - 3 bread rations
 i - 2 meat rations


   Skills:
 + Level 5.4 Fighting
 * Level 6.0 Staves
 - Level 3.2 Armour
 + Level 5.9 Shields


You had 6 spell levels left.
You didn't know any spells.

Dungeon Overview and Level Annotations

Branches:
Dungeon (7/15)             Temple (1/1) D:7

Altars:
Cheibriados
Fedhas
Kikubaaqudgha
Nemelex Xobeh
Qazlal
Ru
Sif Muna
Uskayaw
Yredelemnul
Zin
The Shining One

Annotations:
D:3 1 runed door


Innate Abilities, Weirdness & Mutations

You cannot be hasted, slowed, berserked, paralysed or teleported.
You can dig through walls and to a lower floor.
Your four strong arms can wield two-handed weapons with a shield.
You have a pair of large antennae on your head. (SInv)
You possess an exceptional clarity of mind.
You evolve.


Message History

You hit the orc warrior but do no damage.
The orc warrior is heavily wounded.
You thump the orc warrior!
The orc warrior is almost dead.
The orc warrior hits you with a battleaxe!
You are too injured to fight recklessly!
You are too injured to fight recklessly!
You are too injured to fight recklessly!
You are too injured to fight recklessly!
You are too injured to fight recklessly!
You are too injured to fight recklessly!
You are too injured to fight recklessly!
You closely miss the orc warrior.
The orc warrior is almost dead.
The orc warrior hits you with a battleaxe!
* * * LOW HITPOINT WARNING * * *
You hit the orc warrior.
The orc warrior is almost dead.
The orc warrior hits you with a battleaxe!!
You die...

...# #.###.#
..###....# #.
#.#.##### #.#
#.## #.# #.#
#.# #o# #.#
#o# #.# #o#
#.###.####@#
{
#..........#
#####.######
#.# #.#
###########.#
...........>#
#############
#


You could see an orc warrior and 2 orcs.

Vanquished Creatures
  Sigmund (D:3)
  A phantom (D:4)
  2 howler monkeys
  A hound (D:4)
  An orc priest (D:4)
  Jessica (D:4)
  An iguana (D:4)
  3 orc wizards (D:4)
  A worker ant (D:4)
  8 adders
  A worm (D:2)
  A dart slug (D:3)
  3 leopard geckos
  7 orcs
  4 giant cockroaches
  7 goblins
  7 hobgoblins
  A quokka (D:4)
  3 bats
  4 frilled lizards
  5 kobolds
  A leopard gecko skeleton (D:4)
  4 rats
68 creatures vanquished.

Notes
Turn   | Place    | Note
-------+----------+-------------------------------------------
     0 | D:1      | Ijustatesigmund the Formicid Fighter began the quest for the Orb.
     0 | D:1      | Reached XP level 1. HP: 18/18 MP: 1/1
   209 | D:1      | Reached XP level 2. HP: 24/24 MP: 2/2
   555 | D:1      | You fall through a shaft!
   614 | D:2      | Reached XP level 3. HP: 29/29 MP: 3/3
   954 | D:2      | Reached skill level 3 in Staves
   955 | D:2      | Found a faded altar of an unknown god.
  1031 | D:2      | Reached XP level 4. HP: 36/37 MP: 4/4
  1363 | D:3      | Found a glowing golden altar of the Shining One.
  1364 | D:3      | Found a runed door.
  1364 | D:3      | Noticed an angel
  1451 | D:3      | Noticed Sigmund
  1474 | D:3      | Killed Sigmund
  1474 | D:3      | Reached skill level 4 in Staves
  1474 | D:3      | Reached XP level 5. HP: 17/43 MP: 5/5
  1474 | D:3      | Reached XP level 6. HP: 19/49 MP: 6/6
  1686 | D:3      | Found a glowing golden altar of the Shining One.
  1688 | D:3      | Noticed an angel
  1702 | D:3      | Found a basalt altar of Yredelemnul.
  1704 | D:3      | Noticed a profane servitor
  1953 | D:3      | Reached skill level 5 in Shields
  2284 | D:4      | Reached skill level 5 in Staves
  2583 | D:4      | Gained mutation: You possess an exceptional clarity of mind. [potion of mutation]
  2583 | D:4      | Gained mutation: You evolve. [potion of mutation]
  2610 | D:4      | Noticed a phantom
  2617 | D:4      | Reached XP level 7. HP: 48/55 MP: 7/7
  2637 | D:4      | Reached skill level 5 in Fighting
  2904 | D:4      | Noticed Jessica
  2949 | D:4      | Killed Jessica
  2954 | D:4      | Found a deep blue altar of Sif Muna.
  3102 | D:5      | Entered Level 5 of the Dungeon
  3119 | D:4      | Reached skill level 6 in Staves
  3433 | D:3      | You fall through a shaft for 3 floors!
  3442 | D:6      | You fall through a shaft!
  3463 | D:7      | Found a staircase to the Ecumenical Temple.
  3488 | Temple   | Entered the Ecumenical Temple
  3808 | D:7      | Mangled by an orc warrior

Vault maps used:
D:1:      minmay_arrival_glassed_features, hangedman_glass_garden
D:2:      chequers_ecumenical_altar_simple
D:3:      grunt_temple_overflow_holy_war, first_bread, lemuel_angel_altar,
          uniq_sigmund
D:4:      tgw_sif
D:5:      regret_index_temple_of_mockery, nicolae_overflow_hidden_temple,
          gammafunk_temple_overflow_elements, serial_shops, shop,
          grunt_ministairs_2
D:6:      lemuel_doored_altar, uniq_duvessa
D:7:      marbit_many_paths, temple_statues, nicolae_ru_awakened_eye
Temple:   jpeg_temple_island

Skill      XL: |  1  2  3  4  5  6  7 |
---------------+----------------------+-----
Shields        | 4 5 |  5.9
Staves         | 3 4 5 6 |  6.0
Fighting       | 4 5 |  5.4
Armour         | |  3.2

Action                   |  1- 3 |  4- 6 |  7- 9 || total
-------------------------+-------+-------+-------++-------
Melee: Quarterstaff      |    92 |   131 |    67 ||   290
 Abil: Dig               |     1 |     6 |     2 ||     9
       Shaft Self        |     1 |       |     2 ||     3
  Use: Scroll            |     4 |     6 |     3 ||    13
       Potion            |       |     6 |     1 ||     7
  Eat: Chunk             |     1 |     6 |     3 ||    10
       Royal jelly       |       |       |     2 ||     2
Armor: Scale mail        |    27 |    36 |    11 ||    74
       Skin              |       |    21 |       ||    21
Dodge: Dodged            |    18 |    33 |    15 ||    66
Block: Shield            |    43 |    69 |    29 ||   141
